 Dungeon Crawl Stone Soup version 0.30.1-11-g7821555f0a (webtiles) character file.

Game seed: 11202263195323383232

431 patfeehan111222 the Chopper (level 6, 0/56 HPs)
             Began as a Minotaur Berserker on Dec 18, 2023.
             Was a Believer of Trog.
             Slain by Eustachio the culicivora (2 damage)
             ... on level 4 of the Dungeon.
             The game lasted 00:05:12 (2488 turns).

patfeehan111222 the Chopper (Minotaur Berserker)    Turns: 2488, Time: 00:05:14

Health: 0/56       AC: 11    Str: 24    XL:     6   Next: 66%
Magic:  5/5        EV:  4    Int:  4    God:    Trog [**....]
Gold:   68         SH: 16    Dex:  9    Spells: 5/5 levels left

rFire   . . .        a - +0 hand axe
rCold   . . .        c - +0 tower shield
rNeg    . . .        g - +0 plate armour
rPois   .            (helmet restricted)
rElec   .            (no cloak)
rCorr   .            (no gloves)
SInv    .            (no boots)
Will    .....        k - amulet of reflection Stlth
                     (no ring)
HPRegen 0.29/turn    (no ring)
MPRegen 0.09/turn

%: reflection
@: on berserk cooldown, slowed, very slow
A: horns 2, retaliatory headbutt
a: Renounce Religion, Berserk, Trog's Hand


You were on level 4 of the Dungeon.
You worshipped Trog.
Trog was pleased with you.
You visited 1 branch of the dungeon, and saw 4 of its levels.

You collected 68 gold pieces.

Inventory:

Hand Weapons
 a - a +0 hand axe (weapon)
Armour
 c - a +0 tower shield (worn)
 g - a +0 plate armour (worn)
Jewellery
 k - an amulet of reflection (around neck)
 m - a ring of fire
 n - an amulet of faith
Wands
 l - a wand of digging (4)
 q - a wand of polymorph (8) (quivered)
Scrolls
 f - a scroll of magic mapping
 h - a scroll of fog
 s - a scroll of silence {unknown}
 t - 2 scrolls of vulnerability {unknown}
Potions
 d - 4 potions of haste
 e - 2 potions of flight
 i - a potion of invisibility {unknown}
 j - a potion of magic {unknown}
 p - a potion of curing
 r - a potion of brilliance {unknown}


   Skills:
 + Level 5.0 Fighting
 + Level 6.5 Axes
 + Level 4.2 Armour
 + Level 3.0 Dodging
 + Level 0.3 Stealth
 + Level 2.4 Shields


You had 5 spell levels left.
You didn't know any spells.
Your spell library was empty.

Dungeon Overview and Level Annotations

Branches:
Dungeon (4/15)
 Temple: D:4-7

Altars:
Elyvilon

Shops:
D:1 (   D:3 !

Annotations:
D:4 Eustachio


Innate Abilities, Weirdness & Mutations

You have a pair of horns on your head.
You reflexively headbutt those who attack you in melee.


Message History

Eustachio bites you!
Eustachio draws strength from your injuries!
You block Eustachio's attack. Eustachio bites you!
Eustachio draws strength from your injuries!
You barely miss Eustachio.
You feel less wooden.
Your +0 plate armour unmelds from your body.
You block Eustachio's attack. Eustachio bites you but does no damage.
Eustachio bites you.
Eustachio draws strength from your injuries!
You miss Eustachio. You block Eustachio's attack. x3
You slash Eustachio!
Eustachio is lightly wounded.
Eustachio bites you!
Eustachio draws strength from your injuries!
Eustachio bites you.
* * * LOW HITPOINT WARNING * * *
Eustachio draws strength from your injuries!
You feel much better. You block Eustachio's attack. Eustachio bites you!
Eustachio draws strength from your injuries!
Eustachio bites you.
Eustachio draws strength from your injuries!
You completely miss Eustachio. You block Eustachio's attack.
Eustachio bites you!
Eustachio draws strength from your injuries!
You block Eustachio's attack.
You hit Eustachio but do no damage. You block Eustachio's attack. x2
You hit Eustachio.
Eustachio is lightly wounded.
Eustachio bites you!
* * * LOW HITPOINT WARNING * * *
Eustachio draws strength from your injuries!
You block Eustachio's attack. x2
You closely miss Eustachio. You headbutt Eustachio.
Eustachio is lightly wounded.
Eustachio bites you but does no damage. Eustachio bites you!
* * * LOW HITPOINT WARNING * * *
Eustachio draws strength from your injuries!
Eustachio bites you.
You die...

............[#........#
#.............#........#
#.............#........#
#.....<.......#........#
#........)....#........#
............#........#
#######......#........#
##....##......#).......#
.....)s@.......#.......#
......##....>..#########
..... ######### ###+


You could see Eustachio the culicivora.

Vanquished Creatures
  A scorpion (D:3)
  A hound (D:3)
  A sleepcap (D:4)
  Terence (D:2)
  2 adders (D:2)
  3 gnolls (D:4)
  A worm (D:3)
  An orc (D:3)
  4 bats
  An endoplasm (D:3)
  3 giant cockroaches
  3 goblins
  2 hobgoblins
  7 jackals
  3 ball pythons (D:2)
  A kobold (D:1)
  5 rats
40 creatures vanquished.

Vanquished Creatures (collateral kills)
  Grinder (D:3)
  A dart slug (D:1)
2 creatures vanquished.

Grand Total: 42 creatures vanquished

Notes
Turn   | Place    | Note
-------+----------+-------------------------------------------
     0 | D:1      | patfeehan111222 the Minotaur Berserker began the quest for
                  | the Orb.
     0 | D:1      | Reached XP level 1. HP: 19/19 MP: 0/0
   113 | D:1      | Reached skill level 4 in Axes
   113 | D:1      | Reached XP level 2. HP: 27/27 MP: 1/1
   239 | D:1      | Found Mouduzia's Antique Weapon Shop.
   963 | D:2      | Reached XP level 3. HP: 33/33 MP: 2/2
  1157 | D:2      | Reached ** piety under Trog
  1375 | D:2      | Noticed Terence
  1384 | D:2      | Killed Terence
  1385 | D:2      | Reached XP level 4. HP: 35/41 MP: 3/3
  1652 | D:3      | Found a white marble altar of Elyvilon.
  1695 | D:3      | Noticed Grinder
  1697 | D:3      | Paralysed by Grinder for 2 turns
  1705 | D:3      | Paralysed by Grinder for 2 turns
  1710 | D:3      | Paralysed by Grinder for 3 turns
  1719 | D:3      | Paralysed by Grinder for 2 turns
  1724 | D:3      | Paralysed by Grinder for 3 turns
  1730 | D:3      | Paralysed by Grinder for 5 turns
  1737 | D:3      | Killed Grinder
  1738 | D:3      | Reached skill level 5 in Axes
  1738 | D:3      | Reached skill level 1 in Shields
  1738 | D:3      | Reached XP level 5. HP: 21/47 MP: 4/4
  1738 | D:3      | Reached XP level 6. HP: 24/55 MP: 5/5
  1874 | D:3      | Found Qaanla's Distillery.
  1944 | D:3      | Reached skill level 5 in Fighting
  2091 | D:3      | Reached skill level 6 in Axes
  2442 | D:4      | Noticed Eustachio
  2461 | D:4      | Eustachio changed into Eustachio the culicivora
  2461 | D:4      | Noticed Eustachio
  2488 | D:4      | HP: 2/56 [Eustachio the culicivora (13)]
  2488 | D:4      | Slain by Eustachio the culicivora

Illustrated notes

Levels and vault maps discovered:
D:1:      erik_arrival_blinker_ship, layout_loops_ring, serial_shops,
          nicolae_shop_competitors_out_of_business,
          minmay_misc_feat_secret_circle
D:2:      layout_basic, nrook_uturn, uniq_terence
D:3:      layout_basic, mainiacjoe_overflow_alcove_2, serial_shops,
          nicolae_shop_waterfront, uniq_grinder
D:4:      layout_gridville, mainiacjoe_overflow_tiny_flanked,
          nicolae_overflow_quartered_altars, mainiacjoe_overflow_catwalk,
          minmay_temple_entry_grid, minmay_close_crescents, uniq_eustachio

Skill      XL: |  1  2  3  4  5  6 |
---------------+-------------------+-----
Axes           | 4 5 6 |  6.5
Fighting       | 4 5 |  5.0
Armour         | 3 4 |  4.2
Dodging        | 3 |  3.0
Shields        | 1 2 |  2.4
Stealth        | |  0.3

Action                     |  1- 3 |  4- 6 || total
---------------------------+-------+-------++-------
  Melee: Hand axe          |    45 |    89 ||   134
         Headbutt          |     3 |    17 ||    20
 Invoke: Berserk           |     2 |     3 ||     5
  Evoke: Wand              |       |     5 ||     5
    Use: Scroll            |     3 |     5 ||     8
         Potion            |     2 |     1 ||     3
 Armour: Animal skin       |     2 |       ||     2
         Plate armour      |    24 |    24 ||    48
         Skin              |       |     7 ||     7
  Dodge: Dodged            |    12 |    10 ||    22
  Block: Tower shield      |    20 |    80 ||   100
